 Dungeon Crawl Stone Soup version 0.27.1-33-g824d729ab1 (webtiles) character file.

Game seed: 2682569784772916947

699 Descartes the Sneak (level 7, 0/33 HPs)
             Began as a Spriggan Wanderer on Dec 5, 2021.
             Was an Initiate of Gozag.
             Slain by Blork the orc (9 damage)
             ... on level 5 of the Dungeon.
             The game lasted 00:11:18 (4034 turns).

Descartes the Sneak (Spriggan Wanderer)             Turns: 4034, Time: 00:11:18

Health: 0/33       AC:  3    Str: 10    XL:     7   Next: 38%
Magic:  8/8        EV: 19    Int: 13    God:    Gozag
Gold:   440        SH:  5    Dex: 15    Spells: 1/6 levels left

rFire    + . .     SeeInvis +   b - +3 quarterstaff (chaos)
rCold    . . .     Faith    .   (shield currently unavailable)
rNeg     . . .     Spirit   .   d - +0 robe
rPois    .         Reflect  +   (helmet restricted)
rElec    .         Harm     .   r - +0 cloak {rCorr}
rCorr    +         Rampage  .   (gloves unavailable)
Will     +....                  (boots unavailable)
Stlth    +++.......             x - amulet of reflection
HPRegen  0.11/turn              i - ring of protection from fire
MPRegen  0.11/turn              (no ring)

@: gold aura, very quick
A: very small, no large weapons, unfitting armour, see invisible, speed 3
a: Renounce Religion, Potion Petition, Call Merchant, Bribe Branch


You were on level 5 of the Dungeon.
You worshipped Gozag.
Gozag was aware of your devotion.
You visited 1 branch of the dungeon, and saw 5 of its levels.

You collected 455 gold pieces.
You paid 15 gold pieces to Gozag.

Inventory:

Hand Weapons
 a - a +2 shortbow
 b - a +3 quarterstaff of chaos (weapon)
 g - a +0 hunting sling
Missiles
 f - 121 stones (quivered)
 h - 51 sling bullets
 k - 13 poisoned darts
 q - 96 arrows
 C - 8 boomerangs
Armour
 d - a +0 robe (worn)
 r - a +0 cloak of preservation (worn)
Jewellery
 i - a ring of protection from fire (left hand)
 x - an amulet of reflection (around neck)
Wands
 o - a wand of polymorph (7)
 E - a wand of paralysis (7)
 F - a wand of iceblast (8)
Scrolls
 p - a scroll of immolation {unknown}
 t - a scroll of magic mapping
 w - a scroll of blinking
 y - a scroll of enchant weapon
 D - 2 scrolls of teleportation
Potions
 c - a potion of lignification
 e - 2 potions of attraction {unknown}
 j - a potion of invisibility {unknown}
 l - 2 potions of degeneration {unknown}
 m - a potion of ambrosia {unknown}
 n - 3 potions of heal wounds {unknown}
 s - 3 potions of flight {unknown}
 u - 2 potions of berserk rage {unknown}
 v - a potion of cancellation {unknown}
 z - a potion of might {unknown}
 A - 2 potions of curing
 B - a potion of mutation {unknown}


   Skills:
 - Level 1.5 Fighting
 + Level 2.1(2.3) Slings
 - Level 5.0 Bows
 - Level 1.0(1.4) Throwing
 - Level 5.0 Dodging
 - Level 5.0 Stealth
 + Level 0.3 Spellcasting
 + Level 0.1 Conjurations
 + Level 2.7 Hexes
 + Level 5.0 Translocations
 + Level 2.8 Transmutations
 + Level 0.1 Air Magic
 + Level 2.4 Evocations


You had one spell level left.
You knew the following spells:

 Your Spells              Type           Power      Damage    Failure   Level
a - Apportation           Tloc           26%        N/A       3%          1
b - Dazzling Flash        Conj/Hex       6%         N/A       45%         3
c - Shock                 Conj/Air       0%         1d3       28%         1

Your spell library contained the following spells:

 Spells                   Type           Power      Damage    Failure   Level
 Teleport Other           Tloc           13%        N/A       12%         3
 Portal Projectile        Hex/Tloc       20%        N/A       19%         3
 Swiftness                Air            0%         N/A       63%         3
 Call Canine Familiar     Summ           0%         N/A       67%         3
 Leda's Liquefaction      Hex/Erth       1%         N/A       86%         4
 Airstrike                Air            0%         N/A       95%         4
 Silence                  Hex/Air        1%         N/A       99%         5
 Agony                    Necr           0%         N/A       100%        5


Dungeon Overview and Level Annotations

Branches:
Dungeon (5/15)
 Temple: D:4-7

Altars:
Elyvilon
Gozag

Annotations:
D:5 Blork the orc


Innate Abilities, Weirdness & Mutations

You are very small and have problems with some larger weapons.
You are too small for most types of armour.
You have supernaturally acute eyesight. (SInv)
You cover ground extremely quickly. (Speed+++)


Message History

Blork the orc gestures wildly while chanting.
Blork the orc seems to speed up.
You closely miss Ijyb.
Ijyb is severely wounded.
You block Ijyb's attack.
You hit Ijyb. You burn Ijyb.
You kill Ijyb!
Blork the orc barely misses you.
You sock Blork the orc! You freeze Blork the orc.
Blork the orc is moderately wounded.
Blork the orc barely misses you. Blork the orc hits you with a +0 mace!
You barely miss Blork the orc.
Blork the orc is moderately wounded.
Blork the orc is distracted by your dazzling golden aura.
You catch the helpless Blork the orc completely off-guard!
You hit Blork the orc.
Lightning courses through Blork the orc!
Blork the orc is no longer distracted by gold.
Blork the orc is severely wounded.
Blork the orc completely misses you. Blork the orc barely misses you.
You hit Blork the orc. You burn Blork the orc.
Blork the orc is severely wounded.
Blork the orc completely misses you. Blork the orc barely misses you.
You hit Blork the orc.
Blork the orc is severely wounded.
You block Blork the orc's attack. Blork the orc hits you with a +0 mace!
You hit Blork the orc.
Blork the orc is severely wounded.
Blork the orc jeers repeatedly.
Blork the orc hits you with a +0 mace! Blork the orc misses you.
You hit Blork the orc.
Blork the orc is almost dead.
Blork the orc hits you with a +0 mace.
* * * LOW HITPOINT WARNING * * *
Blork the orc completely misses you.
You closely miss Blork the orc.
Blork the orc is almost dead.
Blork the orc misses you. Blork the orc hits you with a +0 mace!
You die...
Your body crumbles into a pile of gold.

.# #............... ...
#.# .#
#...##.............(. #.#
.####...##.....#..##...(#
......................(..
.##..#..................#
.##......##...##.#.#(.. #
...................$. ...
..#......##.#.##.#.#..!.#
..#..#+###......@o.(.....
.....# ##.#.##+###.#...
.##.## #.#.# #.# #.#.#
#.#.# #.#.# #.#.# #...#


You could see Blork the orc (fast).

Vanquished Creatures
  Sigmund (D:3)
  A necrophage (D:5)
  Crazy Yiuf (D:2)
  A hound (D:5)
  A jelly (D:5)
  A gnoll shaman (D:4)
  3 iguanas (D:5)
  Ijyb (D:5)
  Natasha (thrice) (D:3)
  A howler monkey skeleton (D:3)
  4 gnolls (D:4)
  5 adders
  2 worms
  2 dart slugs
  An orc (D:3)
  6 bats
  4 endoplasms
  3 giant cockroaches
  6 goblins
  5 hobgoblins
  3 jackals (D:2)
  3 quokkas
  6 ball pythons
  2 frilled lizards
  5 kobolds
  A quokka skeleton (D:4)
  2 rats (D:1)
74 creatures vanquished.

Vanquished Creatures (others)
  A kobold (D:3)
  4 plants (D:2)
5 creatures vanquished.

Grand Total: 79 creatures vanquished

Notes
Turn   | Place    | Note
-------+----------+-------------------------------------------
     0 | D:1      | Descartes the Spriggan Wanderer began the quest for the
                  | Orb.
     0 | D:1      | Descartes set off with the following items: a +2 shortbow,
                  | 21 arrows, a potion of lignification, a +0 robe; and the
                  | following spell memorised: Apportation; and the following
                  | spells available to memorise: Teleport Other
     0 | D:1      | Reached XP level 1. HP: 10/10 MP: 2/2
   146 | D:1      | Reached skill level 1 in Translocations
   150 | D:1      | Reached XP level 2. HP: 14/14 MP: 3/3
  1237 | D:2      | Reached XP level 3. HP: 18/18 MP: 4/4
  1254 | D:2      | Found a runed translucent door.
  1255 | D:2      | Noticed Crazy Yiuf
  1273 | D:2      | Killed Crazy Yiuf
  1274 | D:2      | Reached XP level 4. HP: 22/22 MP: 5/5
  1443 | D:2      | Found an opulent altar of Gozag.
  1454 | D:2      | Became a worshipper of Gozag Ym Sagoz the Greedy
  1826 | D:3      | Noticed Natasha
  1828 | D:3      | Noticed Sigmund
  1830 | D:3      | Killed Natasha
  1837 | D:3      | Killed Sigmund
  1838 | D:3      | Reached XP level 5. HP: 12/25 MP: 6/6
  1838 | D:3      | Reached XP level 6. HP: 15/30 MP: 7/7
  1842 | D:3      | Learned a level 3 spell: Dazzling Flash
  1964 | D:3      | Noticed Natasha
  1976 | D:3      | Killed Natasha
  1994 | D:3      | Noticed Natasha
  1999 | D:3      | Killed Natasha
  2000 | D:3      | Reached skill level 5 in Stealth
  2334 | D:3      | Found a white marble altar of Elyvilon.
  2892 | D:4      | Reached skill level 1 in Evocations
  3403 | D:5      | Entered Level 5 of the Dungeon
  3481 | D:5      | Reached skill level 1 in Slings
  3697 | D:5      | Reached XP level 7. HP: 33/33 MP: 8/8
  3947 | D:5      | Reached skill level 5 in Bows
  3947 | D:5      | Reached skill level 5 in Dodging
  3947 | D:5      | Reached skill level 5 in Translocations
  3993 | D:5      | Learned a level 1 spell: Shock
  4014 | D:5      | Noticed Ijyb
  4017 | D:5      | Noticed Blork the orc
  4026 | D:5      | Killed Ijyb
  4034 | D:5      | Slain by Blork the orc

Illustrated notes

Levels and vault maps discovered:
D:1:      dpeg_arrival_stone_temple_mockup, layout_loops_cross
D:2:      layout_loops_ring, serial_forest, infiniplex_forest_lined_corner,
          infiniplex_forest_straight_4, infiniplex_forest_clump_small,
          infiniplex_forest_clump_long, infiniplex_forest_corner_1, basic_altar,
          uniq_crazy_yiuf_cottage
D:3:      layout_rooms, elyvilon_altar_4, uniq_natasha, uniq_sigmund
D:4:      layout_basic
D:5:      lemuel_castle_with_subvaults [lemuel_castle_interior_carwin_2],
          layout_basic, uniq_ijyb, uniq_blork_the_orc

Skill      XL: |  1  2  3  4  5  6  7 |
---------------+----------------------+-----
Stealth        | 2 3 4 5 |  5.0
Translocations | 1 2 4 5 |  5.0
Dodging        | 2 4 5 |  5.0
Bows           | 3 4 5 |  5.0
Evocations     | 1 2 |  2.4
Hexes          | 2 |  2.7
Slings         | 1 2 |  2.1
Fighting       | |  1.5
Throwing       | |  1.0
Spellcasting   | |  0.3
Conjurations   | |  0.1
Transmutations | |  2.8
Air Magic      | |  0.1

Action                   |  1- 3 |  4- 6 |  7- 9 || total
-------------------------+-------+-------+-------++-------
Melee: Dagger            |    13 |       |       ||    13
       Quarterstaff      |       |    36 |    17 ||    53
 Fire: Shortbow          |    68 |   113 |    25 ||   206
  Use: Scroll            |       |       |     4 ||     4
 Stab: Paralysed         |       |     1 |       ||     1
       Distracted        |       |       |     1 ||     1
Armor: Robe              |     6 |     1 |       ||     7
Dodge: Dodged            |    25 |    37 |    16 ||    78
Block: Other             |       |     4 |     4 ||     8
